 Dungeon Crawl Stone Soup version 0.31.0-10-gcf4a605ca0 (webtiles) character file.

Game seed: 6707442171314248741

72 ymhsbmbesitwf the Trooper (level 4, -7/29 HPs)
             Began as a Gargoyle Berserker on Jan 25, 2024.
             Was a Believer of Trog.
             Splashed by a jelly's acid (10 damage)
             ... on level 3 of the Dungeon.
             The game lasted 00:04:57 (2262 turns).

ymhsbmbesitwf the Trooper (Gargoyle Berserker)      Turns: 2262, Time: 00:04:58

Health: -7/29      AC:  0    Str: 22    XL:     4   Next: 25%
Magic:  4/4        EV: 10    Int: 13    God:    Trog [**....]
Gold:   88         SH:  0    Dex:  4    Spells: 3/3 levels left

rFire   + + .        a - +0 hand axe
rCold   . . .        (no shield)
rNeg    + . .        f - +3 ring mail of the Vestibule of Hell {rPois Int+5 Dex-5}
rPois   ∞            (no helmet)
rElec   +            (no cloak)
rCorr   .            (no gloves)
SInv    .            (no boots)
Will    .....        (no amulet) Stlth
                     c - ring of protection from fire
HPRegen 0.24/turn    h - ring of protection from fire
MPRegen 0.09/turn

%: no passive effects
@: corroded
A: sickness immunity, AC +3, negative energy resistance 1, electricity
resistance, torment resistance 1, petrification resistance
a: Renounce Religion, Berserk, Trog's Hand


You were on level 3 of the Dungeon.
You worshipped Trog.
Trog was pleased with you.
You visited 1 branch of the dungeon, and saw 3 of its levels.

You collected 108 gold pieces.
You spent 20 gold pieces at shops.

Inventory:

Hand Weapons
 a - a +0 hand axe (weapon)
Missiles
 m - 3 boomerangs (quivered)
Armour
 b - a +0 animal skin
 f - the +3 ring mail of the Vestibule of Hell (worn) {rPois Int+5 Dex-5}
   (You found it on level 3 of the Dungeon)

   Int+5:     It affects your intelligence (+5).
   Dex-5:     It affects your dexterity (-5).
   rPois:     It protects you from poison
Jewellery
 c - a ring of protection from fire (left hand)
 h - a ring of protection from fire (right hand)
Scrolls
 e - a scroll of revelation {unknown}
 i - a scroll of teleportation
 o - 2 scrolls of fear
Potions
 d - a potion of berserk rage {unknown}
 g - a potion of ambrosia
 j - a potion of enlightenment {unknown}
 k - 2 potions of curing
 l - a potion of degeneration {unknown}
 n - a potion of attraction {unknown}


   Skills:
 + Level 4.1 Fighting
 * Level 4.0 Axes
 - Level 2.1 Armour
 - Level 1.5 Dodging


You had 3 spell levels left.
You didn't know any spells.
Your spell library was empty.

Dungeon Overview and Level Annotations

Branches:
Dungeon (3/15)

Altars:

Shops:
D:1 ?   D:3 [


Innate Abilities, Weirdness & Mutations

You are immune to sickness and miasma.
Your stone body is resilient. (AC +3)
You are immune to poison.
You resist negative energy. (rN+)
You are resistant to electric shocks. (rElec)
You are resistant to unholy torment.
You are immune to petrification.


Message History

i - a scroll of teleportation
There is a stone staircase leading down here.
You see here 6 poisoned darts.
You see here 6 poisoned darts.
You see here 6 poisoned darts.
d - a silvery potion
Found a dagger.
You see here a +0 dagger.
You see here a +0 dagger.
You open the door.
There is an open door here.
There is a stone staircase leading down here.
There is an entrance to Xefu's Armour Shoppe here.
There is an open door here.
The jelly quivers.
The jelly hits you but does no damage.
You hit the jelly. The acid corrodes you!
Your hands burn!
The jelly is moderately wounded.
The jelly hits you. The acid corrodes you!
You are splashed with acid!
You slash the jelly! The acid corrodes you!
Your hands burn!
The jelly is almost dead.
The jelly barely misses you.
You are too injured to fight recklessly!
You are too injured to fight recklessly!
You are too injured to fight recklessly!
You are too injured to fight recklessly!
You hit the jelly but do no damage.
Your hands burn!
The jelly is severely wounded.
The jelly barely misses you.
You hit the jelly.
Your hands burn!
* * * LOW HITPOINT WARNING * * *
The jelly is almost dead.
The jelly misses you.
You hit the jelly but do no damage.
Your hands burn!
* * * LOW HITPOINT WARNING * * *
The jelly is almost dead.
The jelly hits you.
* * * LOW HITPOINT WARNING * * *
You are splashed with acid!
You die...

<.##########...######## #.
..# #...#.....# #.
##########.#...###.# #.
..>..∩..'..##.####.# ###.
###''####..##......#########
#...
#....#....#######..........#
#.#. #..###.####
##.#######.# #.#. ..## #.#
#######.# #.# #...
#.####.### #...J@..# #.#
#.## #.##.....# #.#######
#.# #.# #.####.### #.#
#.###.## #.##.....# #.#
#....... #.####.### #.#
#####.## ..##.....# #.# #...
...###.### #.# ####
##.#.....###.######. #.
#.###.###.......J.. #.


You could see a jelly.

Vanquished Creatures
  2 dart slugs
  A ribbon worm (D:2)
  4 orcs (D:3)
  3 ball pythons
  3 endoplasms
  5 giant cockroaches
  7 hobgoblins
  8 jackals
  2 kobolds
  5 quokkas
  3 bats
  2 goblins
  7 rats
52 creatures vanquished.

Notes
Turn   | Place    | Note
-------+----------+-------------------------------------------
     0 | D:1      | ymhsbmbesitwf the Gargoyle Berserker began the quest for
                  | the Orb.
     0 | D:1      | Reached XP level 1. HP: 14/14 MP: 1/1
   201 | D:1      | Reached XP level 2. HP: 18/19 MP: 2/2
  1007 | D:1      | Found Plog's Magic Scroll Shop.
  1023 | D:1      | Reached XP level 3. HP: 24/24 MP: 3/3
  1024 | D:1      | Bought a scroll of identify for 20 gold pieces
  1139 | D:2      | You fall into a shaft and drop 1 floor!
  1167 | D:2      | Reached ** piety under Trog
  1766 | D:3      | Reached XP level 4. HP: 29/29 MP: 4/4
  1901 | D:3      | Found Xefu's Armour Shoppe.
  1977 | D:3      | Identified the +3 ring mail of the Vestibule of Hell {rPois
                  | Int+5 Dex-5}
  2262 | D:3      | Splashed by a jelly's acid

Illustrated notes

Levels and vault maps discovered:
D:1:      dpeg_arrival_arbitrary_c, layout_basic, serial_shops,
          nicolae_shop_tiny_statue_garden, minmay_small_reverse_x
D:2:      layout_loops_ring, grunt_decor_resistance, minivault_14
D:3:      layout_loops_ring, serial_shops, nicolae_shop_hallway_stairs,
          minmay_misc_feat_hallway, minmay_misc_feat_plants,
          dreamdust_princess_corridor, minmay_misc_feat_doors,
          minmay_misc_feat_five, kennysheep_potato

Skill      XL: |  1  2  3  4 |
---------------+-------------+-----
Axes           | 3 4 |  4.0
Fighting       | 4 |  4.1
Armour         | |  2.1
Dodging        | |  1.5

Action                     |  1- 3 |  4- 6 || total
---------------------------+-------+-------++-------
  Melee: Hand axe          |   155 |    50 ||   205
         Punch             |     1 |       ||     1
 Invoke: Berserk           |     1 |       ||     1
    Use: Scroll            |     2 |     3 ||     5
         Potion            |       |     2 ||     2
   Stab: Sleeping          |     1 |       ||     1
 Armour: Animal skin       |    82 |    16 ||    98
         Ring mail         |       |    13 ||    13
  Dodge: Dodged            |   123 |    24 ||   147
